[Event "Titled Tuesday Blitz March 07 Late 2023"]
[White "Aung Thant Zin"]
[Black "Pein, Jonathan"]
[WhiteFideId "13000063"]
[BlackFideId "417092"]
[WhiteElo "2278"]
[BlackElo "2151"]
[Result "0-1"]
[Round "02"]
[TimeControl "180+2"]
[Date "2023.03.07"]
[WhiteClock "0:00:08"]
[BlackClock "0:00:51"]

1. e4 e5 2. Nf3 d6 3. d4 exd4 4. Nxd4 Nf6 5. Nc3 g6 6. Be2 Bg7 7. O-O O-O 8. h3 Re8 9. Bf3 Nbd7 10. g3 Nc5 11. Re1 Bxh3 12. Bg5 h6 13. Bd2 Qd7 14. Nb3 Nxb3 15. axb3 Bg4 16. Ra4 Bxf3 17. Qxf3 a6 18. Bxh6 Bxh6 19. Qxf6 Bg7 20. Qf3 Re5 21. Rd1 Rae8 22. Rad4 Rh5 23. R4d3 Qh3 24. Qg2 Qg4 25. f3 Qd7 26. Nd5 Qc6 27. c3 Qc5+ 28. Kf1 c6 29. Nf4 Rhe5 30. R3d2 Qb5+ 31. Kg1 Qxb3 32. Rxd6 Bf8 33. R6d3 Rb5 34. R1d2 Kg7 35. g4 Bc5+ 36. Kf1 Ra5 0-1


[Site "https://www.chess.com"]

[Event "Titled Tuesday Blitz March 07 Late 2023"]
[White "Eliteplayer3"]
[Black "Grot, Blazej"]
[BlackFideId "21835845"]
[WhiteElo "2088"]
[BlackElo "1823"]
[Result "0-1"]
[Round "02"]
[TimeControl "180+2"]
[Date "2023.03.07"]
[WhiteClock "0:00:13"]
[BlackClock "0:01:14"]

1. e4 e5 2. Nf3 Nc6 3. Bc4 Bc5 4. d3 Nf6 5. h3 a6 6. Nc3 d6 7. Bg5 Na5 8. Bb3 Nxb3 9. axb3 h6 10. Bh4 Be6 11. O-O g5 12. Bg3 Rg8 13. d4 exd4 14. Nxd4 Bxd4 15. Qxd4 Nd7 16. e5 dxe5 17. Bxe5 Nxe5 18. Qxe5 Qd6 19. Qe3 Qb6 20. Qxb6 cxb6 21. Ne4 Ke7 22. Rad1 Rgd8 23. f3 Rac8 24. Nc3 b5 25. Rxd8 Rxd8 26. Ne4 f5 27. Nc5 Rc8 28. Nxb7 Rxc2 29. Rf2 Bxb3 30. Rxc2 Bxc2 31. Kf2 Kf6 32. Ke3 f4+ 33. Kd2 Bb3 34. Nc5 Bc4 35. Ke1 a5 36. Nb7 a4 37. Nd6 Ke5 38. Ne4 Kd4 39. Nd6 b4 40. Nf5+ Ke5 41. Nxh6 a3 42. Ng4+ Kd4 43. bxa3 bxa3 44. Ne3 fxe3 0-1


[Site "https://www.chess.com"]

[Event "Titled Tuesday Blitz March 07 Late 2023"]
[White "Beukes, Dante M"]
[Black "Curtis, John"]
[WhiteFideId "15200540"]
[BlackFideId "3200256"]
[WhiteElo "2199"]
[BlackElo "2203"]
[Result "1-0"]
[Round "02"]
[TimeControl "180+2"]
[Date "2023.03.07"]
[WhiteClock "0:00:09"]
[BlackClock "0:00:08"]

1. e4 c5 2. Nf3 e6 3. d3 d6 4. g3 Nf6 5. Bg2 Be7 6. O-O O-O 7. c3 Qc7 8. Re1 b6 9. d4 Bb7 10. e5 dxe5 11. dxe5 Nfd7 12. Nbd2 Rd8 13. Qc2 Nc6 14. Ne4 Ncxe5 15. Nxe5 Nxe5 16. Bf4 f6 17. Ng5 fxg5 18. Bxe5 Qc8 19. Be4 Bxe4 20. Qxe4 Bf8 21. Rad1 Rxd1 22. Rxd1 Qe8 23. Qg4 h6 24. h4 gxh4 25. Qxh4 Qg6 26. Qf4 Re8 27. Rd7 Re7 28. Rd8 Rf7 29. Qe3 Kh7 30. Bf4 1-0


[Site "https://www.chess.com"]

[Event "Titled Tuesday Blitz March 07 Late 2023"]
[White "Djordjevic, Dejan N"]
[Black "Pino Perez, Lazaro"]
[WhiteFideId "913316"]
[BlackFideId "3517055"]
[WhiteElo "2261"]
[BlackElo "2170"]
[Result "1-0"]
[Round "02"]
[TimeControl "180+2"]
[Date "2023.03.07"]
[WhiteClock "0:00:53"]
[BlackClock "0:00:14"]

1. e4 c5 2. Nc3 g6 3. g3 Bg7 4. Bg2 Nc6 5. Nge2 d6 6. h3 e5 7. O-O Nge7 8. d3 O-O 9. f4 Rb8 10. Be3 Nd4 11. g4 exf4 12. Nxf4 b5 13. Qd2 b4 14. Ncd5 Nxd5 15. Nxd5 Be6 16. Nf4 Bd7 17. c3 bxc3 18. bxc3 Nc6 19. Nd5 Be6 20. Nf4 Qa5 21. Nxe6 fxe6 22. Rac1 Rxf1+ 23. Kxf1 Qa3 24. Rc2 Ne5 25. Ke2 Rf8 26. Qc1 Qa6 27. Rd2 Kh8 28. Qb2 Qc6 29. Qa3 d5 30. Qxc5 Qd7 31. exd5 exd5 32. Qxd5 Qe7 33. Bc5 Qg5 34. Bxf8 Bxf8 35. d4 Bh6 36. dxe5 Qe3+ 37. Kd1 Qg1+ 38. Kc2 Bxd2 39. Qd8+ Kg7 40. Qd7+ Kh6 41. Qxd2+ Kg7 42. e6 Qc5 43. Qd4+ Qxd4 44. cxd4 1-0


[Site "https://www.chess.com"]

[Event "Titled Tuesday Blitz March 07 Late 2023"]
[White "Hajiyev, Kanan"]
[Black "Levine, David"]
[WhiteFideId "13404148"]
[BlackFideId "2011611"]
[WhiteElo "2103"]
[BlackElo "2069"]
[Result "1-0"]
[Round "02"]
[TimeControl "180+2"]
[Date "2023.03.07"]
[WhiteClock "0:01:29"]
[BlackClock "0:00:02"]

1. d4 d5 2. Nf3 Nf6 3. c4 dxc4 4. e3 e6 5. Bxc4 c5 6. O-O Nc6 7. dxc5 Qxd1 8. Rxd1 Bxc5 9. a3 Bd7 10. b4 Be7 11. Nc3 O-O-O 12. Bb2 h6 13. h3 Kb8 14. Rac1 Bc8 15. Bb5 Rxd1+ 16. Rxd1 Rd8 17. Bxc6 bxc6 18. Rxd8 Bxd8 19. Nd4 Kc7 20. f3 Ba6 21. Kf2 Bc4 22. e4 Be7 23. Na4 Nd7 24. Ke3 c5 25. bxc5 Nxc5 26. Nxc5 Bxc5 27. e5 Bf1 28. Kf2 Bc4 29. f4 Bd5 30. g4 Kb6 31. Ke2 Ka5 32. f5 Ka4 33. Kd3 a6 34. f6 gxf6 35. exf6 Bxa3 36. Bc3 Bc1 37. Ne2 Bg5 38. Be1 Bxf6 39. h4 Kb3 40. Nf4 a5 41. Bxa5 Bxh4 42. Bc3 Bg5 43. Ne2 Bf3 44. Nd4+ Ka4 45. Nxf3 Kb5 46. Nxg5 hxg5 47. Bf6 Kc5 48. Ke4 Kd6 49. Kd4 1-0


[Site "https://www.chess.com"]

[Event "Titled Tuesday Blitz March 07 Late 2023"]
[White "Ramirez Vido, Robert Yorisan"]
[Black "Vanek, Tomas"]
[WhiteFideId "3513823"]
[BlackFideId "313459"]
[WhiteElo "2411"]
[BlackElo "2052"]
[Result "1/2-1/2"]
[Round "02"]
[TimeControl "180+2"]
[Date "2023.03.07"]
[WhiteClock "0:00:45"]
[BlackClock "0:00:19"]

1. Nf3 d6 2. e4 c5 3. d3 Nc6 4. g3 g6 5. Bg2 Bg7 6. O-O e5 7. c3 f6 8. a3 Nh6 9. b4 Nf7 10. Be3 b6 11. d4 cxd4 12. cxd4 O-O 13. Nc3 exd4 14. Nxd4 Nxd4 15. Bxd4 Be6 16. Qd2 Ne5 17. Rfd1 Bb3 18. Rdb1 Be6 19. f4 Nc4 20. Qf2 Rc8 21. Rd1 Qe7 22. f5 Bf7 23. fxg6 hxg6 24. Nd5 Bxd5 25. exd5 f5 26. Re1 Qf7 27. Re6 Be5 28. Re1 Rce8 29. Bxe5 Nxe5 30. Qd4 Rxe6 31. dxe6 Qf6 32. Qxd6 Ng4 33. h3 Rd8 34. Qxd8+ Qxd8 35. hxg4 Qd4+ 36. Kh2 Qh8+ 37. Kg1 Qd4+ 38. Kf1 Qd3+ 39. Re2 Qd1+ 40. Kf2 Qd4+ 41. Kf1 Qd1+ 42. Re1 Qd3+ 43. Kg1 Qd4+ 1/2-1/2


[Site "https://www.chess.com"]

[Event "Titled Tuesday Blitz March 07 Late 2023"]
[White "Gatterer, Florian"]
[Black "Jesusesmifuerza"]
[WhiteFideId "811688"]
[WhiteElo "2221"]
[BlackElo "2050"]
[Result "1-0"]
[Round "02"]
[TimeControl "180+2"]
[Date "2023.03.07"]
[WhiteClock "0:01:00"]
[BlackClock "0:00:19"]

1. c4 e6 2. Nf3 d5 3. g3 Nf6 4. Bg2 Be7 5. O-O O-O 6. b3 c5 7. cxd5 exd5 8. d4 Nc6 9. Bb2 Bg4 10. Ne5 Nxd4 11. Bxd4 cxd4 12. Nxg4 Nxg4 13. h3 Nf6 14. Qxd4 Qb6 15. Qxb6 axb6 16. Nc3 Rfd8 17. Rfd1 Ra5 18. a4 Rc5 19. Nb5 g6 20. e3 Ne4 21. Bxe4 dxe4 22. Rxd8+ Bxd8 23. Rd1 Bf6 24. Rd6 Rc6 25. Rd7 Rc1+ 26. Kg2 Rb1 27. Rxb7 Rxb3 28. Rxb6 Kg7 29. Rb7 Be5 30. a5 Rb4 31. a6 Ra4 32. a7 Ra5 33. h4 h5 34. Kh3 Bf6 35. Nd6 1-0


[Site "https://www.chess.com"]

[Event "Titled Tuesday Blitz March 07 Late 2023"]
[White "Miszler, Levente"]
[Black "Ricaurte Lopez, Juan Carlos"]
[WhiteFideId "763276"]
[BlackFideId "3600327"]
[WhiteElo "2176"]
[BlackElo "2209"]
[Result "1-0"]
[Round "02"]
[TimeControl "180+2"]
[Date "2023.03.07"]
[WhiteClock "0:01:49"]
[BlackClock "0:00:01"]

1. Nf3 d5 2. c4 e6 3. e3 c6 4. Nc3 f5 5. d4 Nf6 6. Bd3 Bd6 7. b3 O-O 8. Bb2 Qe7 9. Qc2 b6 10. O-O a5 11. Nd2 Ne4 12. f3 Nxc3 13. Bxc3 e5 14. e4 exd4 15. Bxd4 c5 16. Bb2 dxe4 17. fxe4 Bb7 18. exf5 Qh4 19. Nf3 Bxf3 20. Rxf3 Bxh2+ 21. Kf1 Bg3 22. Be4 Qh1+ 23. Ke2 Qxg2+ 24. Ke3 Qxc2 25. Bxc2 1-0


[Site "https://www.chess.com"]

[Event "Titled Tuesday Blitz March 07 Late 2023"]
[White "Dorato, Adriano"]
[Black "Bouget, Alexandre"]
[WhiteFideId "2802894"]
[BlackFideId "681318"]
[WhiteElo "1709"]
[BlackElo "2177"]
[Result "1-0"]
[Round "02"]
[TimeControl "180+2"]
[Date "2023.03.07"]
[WhiteClock "0:00:21"]
[BlackClock "0:00:33"]

1. d4 c6 2. Nf3 Nf6 3. e3 d5 4. Bd3 g6 5. Nbd2 Bg7 6. b3 O-O 7. Bb2 a5 8. O-O a4 9. c4 a3 10. Bc3 Nbd7 11. Qc2 Qc7 12. Rac1 e6 13. e4 dxe4 14. Nxe4 Nxe4 15. Bxe4 Nf6 16. Bd3 Nh5 17. Rfe1 Nf4 18. Bf1 b6 19. Bd2 c5 20. Qe4 Bh6 21. Qxa8 Bb7 22. Qxa3 Nh3+ 23. gxh3 Bxd2 24. Nxd2 Qf4 25. Bg2 Qg5 26. Ne4 Qf4 27. Nf6+ Qxf6 28. Bxb7 Qxd4 29. Bg2 Qf4 30. Rcd1 h5 31. Qb2 Ra8 32. Qd2 Qf6 33. Bxa8 1-0


[Site "https://www.chess.com"]

[Event "Titled Tuesday Blitz March 07 Late 2023"]
[White "Dodaro, Mattia"]
[Black "Maranhao,Jose Renato Ruiz"]
[WhiteFideId "28583400"]
[BlackFideId "2135175"]
[WhiteElo "2402"]
[BlackElo "1970"]
[Result "1/2-1/2"]
[Round "02"]
[TimeControl "180+2"]
[Date "2023.03.07"]
[WhiteClock "0:00:27"]
[BlackClock "0:00:06"]

1. g4 g6 2. h4 b6 3. Bg2 Nc6 4. h5 Bb7 5. Nc3 Bg7 6. d3 e6 7. h6 Bf8 8. g5 Nge7 9. Nf3 d5 10. O-O Qd6 11. e4 O-O-O 12. exd5 exd5 13. Nb5 Qd7 14. b3 Nf5 15. Bb2 Rg8 16. a4 a6 17. Nbd4 Ncxd4 18. Nxd4 Bc5 19. Nxf5 gxf5 20. Bf6 Rde8 21. Qf3 Re6 22. Qxf5 Rxf6 23. Qxd7+ Kxd7 24. gxf6 d4 25. f3 Bd6 26. Rfe1 Bf4 27. Re7+ Kd6 28. Rxf7 Bxf3 29. Rg7 Be3+ 30. Kh2 Bf4+ 31. Kh3 Bxg2+ 32. Kxg2 Re8 33. Rf1 Bxh6 34. f7 Re2+ 35. Kf3 Re3+ 36. Kg4 Bxg7 37. f8=Q+ Bxf8 38. Rxf8 Re2 39. Rf6+ Ke5 40. Rf5+ Ke6 41. Rf4 c5 42. Rf8 Rxc2 43. Rb8 Rc3 44. Rxb6+ Kd5 45. b4 cxb4 46. Rxb4 Rxd3 47. Rb6 Ra3 48. Rxa6 d3 49. Ra8 d2 50. Rd8+ Ke6 51. Rxd2 Rxa4+ 52. Kg5 Ra5+ 53. Kh6 Kf6 54. Rf2+ Rf5 55. Rb2 Re5 56. Kxh7 Re6 57. Rf2+ Ke7 58. Kg7 Re4 59. Rb2 Rg4+ 60. Kh6 Kf6 61. Kh5 Rg8 62. Rb6+ Kf5 63. Rb5+ Kf4 64. Kh6 Rg2 65. Rb7 Kf5 66. Rf7+ Ke6 67. Rf3 Ke5 68. Rf8 Ke6 69. Kh5 Ke7 70. Rf1 Rg8 71. Kh4 Ke6 72. Kh3 Ke5 73. Kh4 Ke4 74. Re1+ Kf4 75. Kh5 Kf5 76. Kh6 Kf6 77. Rf1+ Ke5 78. Kh7 Rg2 79. Kh6 Ke6 80. Kh5 Ke5 81. Ra1 Ke6 82. Ra5 Kf6 83. Kh4 Rg8 84. Kh3 Ke6 85. Kh2 Kf6 86. Rh5 Kg6 87. Rh3 Kf6 88. Rh4 Kf5 89. Kh3 Rg1 90. Kh2 Rg8 91. Rh5+ Kf4 92. Kh3 Kf3 93. Rf5+ Ke4 94. Rf7 Ke3 95. Kh4 Ke4 96. Re7+ Kf5 97. Rf7+ Ke4 98. Rf1 Ke3 99. Kh5 Ke4 100. Rf6 Ke5 101. Rf1 Ke4 102. Rf7 Ke5 103. Kh6 Ke4 104. Rf1 Rg2 105. Ra1 Kf5 106. Ra7 1/2-1/2


[Site "https://www.chess.com"]

[Event "Titled Tuesday Blitz March 07 Late 2023"]
[White "Vaglio Munoz, Jaime"]
[Black "Manu_ChessExcelsior"]
[WhiteFideId "6500145"]
[WhiteElo "2199"]
[BlackElo "1981"]
[Result "1-0"]
[Round "02"]
[TimeControl "180+2"]
[Date "2023.03.07"]
[WhiteClock "0:00:22"]
[BlackClock "0:00:07"]

1. Nf3 d5 2. d3 Nf6 3. Nbd2 Nc6 4. e4 dxe4 5. dxe4 e5 6. Bb5 Bd6 7. O-O O-O 8. h3 Nd4 9. Nxd4 exd4 10. f4 Bc5 11. Bd3 Re8 12. Qf3 Bd7 13. e5 Bc6 14. Qg3 Nd5 15. Ne4 Bf8 16. Ng5 h6 17. Bh7+ Kh8 18. Nxf7+ Kxh7 19. Nxd8 Raxd8 20. f5 Bb5 21. Rf3 Be2 22. Rf2 Bh5 23. Qh4 Bf7 24. Bg5 Be7 25. f6 gxf6 26. Qxh6+ Kg8 27. e6 Bxe6 28. Qg6+ Kh8 29. Bxf6+ Nxf6 30. Rxf6 Bxf6 31. Qxf6+ Kg8 32. Qg6+ Kh8 33. Rf1 Bc4 34. Rf4 Re1+ 35. Kh2 1-0


[Site "https://www.chess.com"]

[Event "Titled Tuesday Blitz March 07 Late 2023"]
[White "Cavanah, Troy"]
[Black "Topalov, Aleksandar"]
[WhiteFideId "30949670"]
[BlackFideId "925659"]
[WhiteElo "1878"]
[BlackElo "2151"]
[Result "0-1"]
[Round "02"]
[TimeControl "180+2"]
[Date "2023.03.07"]
[WhiteClock "0:00:01"]
[BlackClock "0:00:10"]

1. e4 e6 2. d4 d5 3. Nc3 Bb4 4. exd5 exd5 5. Bd3 Ne7 6. Nf3 h6 7. O-O O-O 8. a3 Bxc3 9. bxc3 Bf5 10. a4 Bxd3 11. Qxd3 Nbc6 12. Ba3 Re8 13. Rab1 b6 14. c4 Ng6 15. cxd5 Qxd5 16. c4 Qh5 17. Rb5 Qg4 18. h3 Qd7 19. Rd5 Qe6 20. Re1 Qf6 21. Rxe8+ Rxe8 22. Rf5 Qd8 23. Bb2 Nce7 24. Rb5 a6 25. Rb3 Nf4 26. Qd2 Neg6 27. Re3 Qd7 28. d5 Qxa4 29. Ra3 Qxc4 30. Re3 Rxe3 31. Qxe3 Qxd5 32. Nd4 Kh7 33. g3 Qg2# 0-1


[Site "https://www.chess.com"]

[Event "Titled Tuesday Blitz March 07 Late 2023"]
[White "Desideri, Ricardo Maruchi"]
[Black "Meunier-Pion, Jean"]
[WhiteFideId "2110440"]
[BlackFideId "20685327"]
[WhiteElo "1945"]
[BlackElo "2124"]
[Result "0-1"]
[Round "02"]
[TimeControl "180+2"]
[Date "2023.03.07"]
[WhiteClock "0:00:02"]
[BlackClock "0:00:02"]

1. e4 c5 2. Nf3 d6 3. d4 cxd4 4. Nxd4 Nf6 5. Nc3 a6 6. Rg1 Nc6 7. Nb3 g6 8. g4 Bg7 9. Be2 h6 10. h4 Ne5 11. Be3 Be6 12. f4 Nc4 13. Bxc4 Bxc4 14. Qd4 Rc8 15. O-O-O O-O 16. e5 dxe5 17. Qxe5 Qc7 18. Bd4 Qxe5 19. Bxe5 Rfd8 20. Nd4 Nd5 21. Nxd5 Bxd5 22. Bxg7 Kxg7 23. b3 b5 24. f5 e5 25. fxe6 fxe6 26. Rge1 Re8 27. Re5 Rcd8 28. Rde1 Rd6 29. h5 gxh5 30. Nf5+ exf5 31. Rxe8 fxg4 32. R8e7+ Kg6 33. R7e5 h4 34. Rg1 g3 35. Re3 Kg5 36. c4 bxc4 37. bxc4 Bxc4 38. Kc2 Bxa2 39. Kc3 Bd5 40. Re5+ Kf4 41. Rh5 Kg4 42. Re5 Bf3 43. Rc5 h3 44. Rc4+ Be4 45. Rxe4+ Kf3 46. Re7 h2 47. Rf7+ Ke2 48. Rg2+ Ke1 0-1


[Site "https://www.chess.com"]

[Event "Titled Tuesday Blitz March 07 Late 2023"]
[White "Vargas, Mauricio"]
[Black "Liu, Yi"]
[WhiteFideId "4404572"]
[BlackFideId "3210588"]
[WhiteElo "2025"]
[BlackElo "2264"]
[Result "0-1"]
[Round "02"]
[TimeControl "180+2"]
[Date "2023.03.07"]
[WhiteClock "0:00:04"]
[BlackClock "0:01:04"]

1. e4 c5 2. Nf3 e6 3. d3 Nc6 4. g3 d5 5. Nbd2 Nf6 6. e5 Nd7 7. Qe2 Qc7 8. Bg2 Ndxe5 9. O-O Be7 10. Re1 Nxf3+ 11. Nxf3 Bf6 12. c3 O-O 13. g4 b5 14. g5 Be7 15. h4 b4 16. h5 Bd6 17. Nh4 a5 18. Bd2 Bf4 19. g6 a4 20. Rad1 a3 21. b3 Bxd2 22. Qxd2 bxc3 23. Qxc3 Qf4 24. Nf3 Nd4 25. gxh7+ Kxh7 26. Nxd4 Qxd4 27. Qc2 Ba6 28. Re3 Rh8 29. Rg3 Kg8 30. Bf3 Kf8 31. Qd2 Rh6 32. Kg2 Rf6 33. Qg5 Rf5 34. Qe3 Rc8 35. Bg4 Re5 0-1


[Site "https://www.chess.com"]

[Event "Titled Tuesday Blitz March 07 Late 2023"]
[White "Vargas Pereda, Jesus Manue"]
[Black "Davidson, Kevin"]
[WhiteFideId "5115710"]
[BlackFideId "2056810"]
[WhiteElo "1914"]
[BlackElo "2151"]
[Result "0-1"]
[Round "02"]
[TimeControl "180+2"]
[Date "2023.03.07"]
[WhiteClock "0:00:26"]
[BlackClock "0:00:49"]

1. Nf3 Nf6 2. c4 g6 3. Nc3 Bg7 4. g3 d6 5. Bg2 O-O 6. O-O e5 7. d3 Nc6 8. Rb1 a5 9. a3 Bf5 10. Nh4 Be6 11. e4 Nd7 12. b4 axb4 13. axb4 Nd4 14. h3 c6 15. Nf3 Nxf3+ 16. Qxf3 f5 17. Qe2 f4 18. g4 g5 19. f3 h5 20. Rd1 Kf7 21. c5 dxc5 22. bxc5 Nxc5 23. Rb4 Qa5 24. Qb2 Rfd8 25. Bf1 hxg4 26. fxg4 Bf8 27. d4 exd4 28. Rbxd4 Rxd4 29. Rxd4 Bg7 30. Bc4 Bxd4+ 0-1


[Site "https://www.chess.com"]

[Event "Titled Tuesday Blitz March 07 Late 2023"]
[White "Chan, Kim Yew"]
[Black "tandercat"]
[WhiteFideId "5717981"]
[WhiteElo "2206"]
[BlackElo "1909"]
[Result "1-0"]
[Round "02"]
[TimeControl "180+2"]
[Date "2023.03.07"]
[WhiteClock "0:01:05"]
[BlackClock "0:00:39"]

1. d4 d5 2. Nf3 Nf6 3. e3 e6 4. Bd3 b6 5. O-O Bb7 6. c4 Bd6 7. Nc3 Nbd7 8. Qc2 O-O 9. cxd5 exd5 10. Nb5 Ne4 11. Nxd6 cxd6 12. Bd2 f5 13. Rfc1 Rc8 14. Qa4 f4 15. Qxa7 Nxd2 16. Nxd2 fxe3 17. fxe3 Rxc1+ 18. Rxc1 Qg5 19. Nf1 Rxf1+ 20. Rxf1 Qxe3+ 21. Rf2 Qxd3 22. Qxb7 Qd1+ 23. Rf1 Qxd4+ 24. Kh1 Nf6 25. Qb8+ Kf7 26. Qxd6 Qd3 27. Qf4 h6 28. Qf3 Kg8 29. Qxd3 1-0


[Site "https://www.chess.com"]

[Event "Titled Tuesday Blitz March 07 Late 2023"]
[White "Guzman Moneo, Alberto"]
[Black "Burke, Paul"]
[WhiteFideId "2209616"]
[BlackFideId "2605767"]
[WhiteElo "2157"]
[BlackElo "1903"]
[Result "1-0"]
[Round "02"]
[TimeControl "180+2"]
[Date "2023.03.07"]
[WhiteClock "0:01:24"]
[BlackClock "0:01:00"]

1. e4 e5 2. Nf3 Nc6 3. d4 exd4 4. Nxd4 Be7 5. Nc3 d6 6. Bb5 Bd7 7. Nxc6 bxc6 8. Bc4 Nf6 9. O-O O-O 10. Re1 Be6 11. Bb3 Bxb3 12. axb3 d5 13. Bg5 d4 14. Ne2 c5 15. Ng3 h6 16. Bf4 Re8 17. Nf5 Qd7 18. Qf3 Qe6 19. h3 Bf8 20. Bxc7 Nxe4 21. Qg4 g5 22. f3 Qc6 23. Rxe4 Qxc7 24. Rae1 Rxe4 25. Qxe4 Bg7 26. Qxa8+ 1-0


[Site "https://www.chess.com"]

[Event "Titled Tuesday Blitz March 07 Late 2023"]
[White "Mahdavi, Reza"]
[Black "Carlsen, Magnus"]
[WhiteFideId "12595926"]
[BlackFideId "1503014"]
[WhiteElo "2208"]
[BlackElo "2852"]
[Result "0-1"]
[Round "03"]
[TimeControl "180+2"]
[Date "2023.03.07"]
[WhiteClock "0:00:24"]
[BlackClock "0:01:00"]

1. Nf3 Nf6 2. g3 b6 3. Bg2 Bb7 4. b3 g6 5. Bb2 Bg7 6. O-O O-O 7. c4 e6 8. d4 Na6 9. Nc3 d5 10. cxd5 exd5 11. Ne5 Qe7 12. e3 c5 13. a4 Rfd8 14. a5 Ne4 15. Nxe4 dxe4 16. Qe2 Bxe5 17. dxe5 Nb4 18. axb6 axb6 19. Rxa8 Bxa8 20. Ra1 Bd5 21. Qb5 Nd3 22. Bc3 Qe6 23. Ra6 Rb8 24. Ba5 Bc6 25. Qc4 Qxc4 26. bxc4 bxa5 27. Rxc6 Rb1+ 28. Bf1 a4 29. Kg2 a3 30. Ra6 Ra1 31. e6 fxe6 32. Be2 Ra2 33. Bg4 Rxf2+ 34. Kh3 a2 35. Bxe6+ Kg7 36. Ra7+ Kf6 37. Bd5 Nb4 38. Kg4 h5+ 39. Kh3 Nxd5 0-1


[Site "https://www.chess.com"]

[Event "Titled Tuesday Blitz March 07 Late 2023"]
[White "Nakamura, Hikaru"]
[Black "Fier, Alexandr"]
[WhiteFideId "2016192"]
[BlackFideId "2107139"]
[WhiteElo "2879"]
[BlackElo "2610"]
[Result "0-1"]
[Round "03"]
[TimeControl "180+2"]
[Date "2023.03.07"]
[WhiteClock "0:01:20"]
[BlackClock "0:01:09"]

1. Nf3 Nf6 2. g3 g6 3. Bg2 Bg7 4. b3 O-O 5. Bb2 c5 6. O-O d6 7. d4 cxd4 8. Nxd4 d5 9. e3 Nc6 10. Nxc6 bxc6 11. Nd2 a5 12. c4 a4 13. b4 a3 14. Bd4 dxc4 15. Nxc4 Nd5 16. Bxg7 Kxg7 17. Qd4+ Kg8 18. b5 Bb7 19. Rab1 Ra4 20. Qc5 Nc3 21. bxc6 Nxb1 22. cxb7 Rxc4 23. Qxc4 Nd2 24. Qb3 Nxb3 0-1


[Site "https://www.chess.com"]

[Event "Titled Tuesday Blitz March 07 Late 2023"]
[White "Firouzja, Alireza"]
[Black "Albornoz Cabrera, Carlos Daniel"]
[WhiteFideId "12573981"]
[BlackFideId "3518736"]
[WhiteElo "2904"]
[BlackElo "2501"]
[Result "0-1"]
[Round "03"]
[TimeControl "180+2"]
[Date "2023.03.07"]
[WhiteClock "0:00:12"]
[BlackClock "0:00:56"]

1. e4 c5 2. Nf3 e6 3. c3 Nf6 4. Bd3 Nc6 5. O-O d5 6. e5 Nd7 7. Bb5 Qb6 8. Ba4 c4 9. b3 Qa6 10. Re1 b5 11. Ba3 bxa4 12. Bxf8 Nxf8 13. b4 Ng6 14. Na3 Qb6 15. g3 O-O 16. b5 Nce7 17. h4 f6 18. exf6 Rxf6 19. h5 Nf8 20. Qe2 Bb7 21. Nd4 Qd6 22. Nac2 Nf5 23. Qg4 Nxd4 24. Nxd4 Re8 25. Re3 e5 26. Rae1 e4 27. f4 Bc8 28. Qh4 h6 29. Nc6 a6 30. Nd4 Ne6 31. Nc2 axb5 32. Rb1 Bd7 33. Rbe1 Nc5 34. Nd4 Nd3 35. Rf1 b4 36. f5 b3 0-1


[Site "https://www.chess.com"]

[Event "Titled Tuesday Blitz March 07 Late 2023"]
[White "Costachi, Mihnea"]
[Black "Yu, Yangyi"]
[WhiteFideId "1217518"]
[BlackFideId "8603820"]
[WhiteElo "2456"]
[BlackElo "2783"]
[Result "0-1"]
[Round "03"]
[TimeControl "180+2"]
[Date "2023.03.07"]
[WhiteClock "0:00:12"]
[BlackClock "0:00:10"]

1. d4 Nf6 2. c4 e6 3. Nf3 Bb4+ 4. Bd2 c5 5. Bxb4 cxb4 6. g3 b6 7. Bg2 Bb7 8. a3 Qe7 9. O-O O-O 10. Nbd2 a5 11. axb4 Qxb4 12. Qc2 Na6 13. e4 Qe7 14. e5 Ne8 15. Ng5 Qxg5 16. f4 Qe7 17. Bxb7 Ra7 18. Bxa6 Rxa6 19. f5 d6 20. f6 gxf6 21. exf6 Nxf6 22. Rf4 Ra7 23. Raf1 Ne8 24. d5 exd5 25. cxd5 Qe3+ 26. R1f2 Rc7 27. Qf5 Qe5 28. Qg4+ Kh8 29. Rf5 Qg7 30. Qf4 Qxb2 31. Kg2 Qg7 32. Ne4 f6 33. Nxd6 Nxd6 34. Qxd6 Qe7 35. Qxe7 Rxe7 36. Rxf6 Rxf6 37. Rxf6 Rb7 38. d6 Kg7 39. d7 Rxd7 40. Rxb6 Ra7 41. Rb3 a4 42. Ra3 Kf6 43. Kf3 Kf5 44. h3 Ke5 45. Ke3 Kd5 46. Kd3 Kc5 47. Kc3 Kb5 48. Ra1 Rf7 49. Rb1+ Kc5 50. Rd1 Rf3+ 51. Rd3 Rxd3+ 52. Kxd3 Kd5 53. Kc3 Ke4 54. Kb4 Kf3 55. h4 h5 56. Kxa4 Kxg3 57. Kb3 Kxh4 58. Kc2 Kg3 59. Kd1 Kg2 60. Ke2 h4 61. Ke3 h3 62. Kf4 h2 63. Kg4 h1=Q 64. Kf4 Qh3 65. Ke4 Qf3+ 66. Kd4 Qe2 67. Kc3 Kf3 68. Kd4 Qe4+ 69. Kc3 Ke2 70. Kb3 Qc6 71. Kb4 Kd3 72. Kb3 Qb5+ 73. Ka2 Kc2 74. Ka3 Qb3# 0-1


[Site "https://www.chess.com"]

[Event "Titled Tuesday Blitz March 07 Late 2023"]
[White "Vachier-Lagrave, Maxime"]
[Black "Barp, Alberto"]
[WhiteFideId "623539"]
[BlackFideId "872555"]
[WhiteElo "2740"]
[BlackElo "2313"]
[Result "1-0"]
[Round "03"]
[TimeControl "180+2"]
[Date "2023.03.07"]
[WhiteClock "0:00:07"]
[BlackClock "0:00:02"]

1. d4 Nf6 2. c4 e6 3. Nf3 d5 4. g3 c5 5. Bg2 Nc6 6. cxd5 exd5 7. O-O Be7 8. b3 O-O 9. Bb2 Ne4 10. dxc5 Bxc5 11. Nc3 Nxc3 12. Bxc3 d4 13. Bb2 Re8 14. Rc1 Bb6 15. Nd2 Bg4 16. Bf3 Qd7 17. Bxg4 Qxg4 18. e4 Qh3 19. f4 d3+ 20. Kh1 Be3 21. Rf3 Bxd2 22. Qxd2 Rxe4 23. Qxd3 Rae8 24. Qf1 Qe6 25. Rf2 Qd5 26. Kg1 Nd4 27. Rd1 Qc5 28. Bxd4 Rxd4 29. Rc1 Qd6 30. Qb5 Rd8 31. Qxb7 h5 32. h4 Rd3 33. Kh2 Qg6 34. Rg1 Rd2 35. Rxd2 Rxd2+ 36. Rg2 Qc2 37. Rxd2 Qxd2+ 38. Qg2 Qd1 39. Qf2 f5 40. Qxa7 Qe2+ 41. Kg1 Qd1+ 42. Kg2 Qe2+ 43. Qf2 Qe4+ 44. Kh2 Qb1 45. Qd2 Kh7 46. b4 Qa1 47. b5 Qb1 48. a4 Qb3 49. a5 Qxb5 50. Qa2 Qa6 51. Kg1 Qa7+ 52. Kf1 Qa6+ 53. Kf2 Kg6 54. Ke3 Qa7+ 55. Kd3 Qa6+ 56. Kd4 Qd6+ 57. Qd5 Qb4+ 58. Ke5 Qe1+ 59. Kd6 Qb4+ 60. Kd7 Kf6 61. Qd6+ Qxd6+ 62. Kxd6 1-0


[Site "https://www.chess.com"]

[Event "Titled Tuesday Blitz March 07 Late 2023"]
[White "Rorrer, Grayson"]
[Black "Duda, Jan-Krzysztof"]
[WhiteFideId "30944996"]
[BlackFideId "1170546"]
[WhiteElo "2200"]
[BlackElo "2790"]
[Result "0-1"]
[Round "03"]
[TimeControl "180+2"]
[Date "2023.03.07"]
[WhiteClock "0:00:02"]
[BlackClock "0:00:03"]

1. e4 c5 2. Nf3 e6 3. d4 cxd4 4. Nxd4 a6 5. c4 Nf6 6. Nc3 Qc7 7. a3 b6 8. Be2 Bb7 9. f3 d6 10. O-O Nbd7 11. Be3 Rc8 12. Rc1 Qb8 13. Qd2 Be7 14. Rfd1 O-O 15. b4 Bd8 16. Nb3 Bc7 17. Bf4 Ne5 18. Bxe5 dxe5 19. c5 bxc5 20. Nxc5 a5 21. Kh1 axb4 22. axb4 h6 23. Qb2 Rcd8 24. b5 Rxd1+ 25. Rxd1 Rd8 26. Rxd8+ Bxd8 27. N3a4 Be7 28. Nxb7 Qxb7 29. Qxe5 Nd7 30. Qc3 Nb6 31. Nb2 Qa7 32. Nd3 Qa4 33. Nc1 Bf6 34. Qb3 Qa1 35. Qd1 Qc3 36. Nd3 Bd4 37. Qc1 Qb3 38. g3 Qxb5 39. Kg2 Qb3 40. Nf4 Be3 41. Qd1 Qc3 42. Qd3 Qc1 43. Qd1 Bxf4 44. gxf4 Qc7 45. Qd2 Nd7 46. Qe3 Nf6 47. Kf2 Nh5 48. f5 Qxh2+ 49. Ke1 exf5 50. exf5 Qb8 51. Bc4 Qb4+ 0-1


[Site "https://www.chess.com"]